 Dungeon Crawl Stone Soup version 0.29.1-2-gbd0b4ee654 (webtiles) character file.

Game seed: 662191445853870586

10 tevo3000 the Trooper (level 2, -1/19 HPs)
             Began as a Gargoyle Monk on Nov 28, 2022.
             Slain by a kobold
             ... wielding a +2 dagger of distortion
              (5 damage)
             ... on level 1 of the Dungeon.
             The game lasted 00:01:33 (473 turns).

tevo3000 the Trooper (Gargoyle Monk)                 Turns: 473, Time: 00:01:34

Health: -1/19      AC:  4    Str: 14    XL:     2   Next: 20%
Magic:  2/2        EV: 12    Int: 10    God:
Gold:   0          SH:  0    Dex: 12    Spells: 1/1 levels left

rFire   . . .      SeeInvis .     - Unarmed
rCold   . . .      Faith    .   (no shield)
rNeg    + . .      Spirit   .   a - +0 robe
rPois   ∞          Reflect  .   (no helmet)
rElec   +          Harm     .   (no cloak)
rCorr   .          Rampage  .   (no gloves)
Will    .....                   (no boots)
Stlth   +.........              (no amulet)
HPRegen 0.06/turn               (no ring)
MPRegen 0.08/turn               (no ring)

@: very slow
A: sickness immunity, AC +2, negative energy resistance 1, electricity
resistance, torment resistance 1, petrification resistance
a: no special abilities


You were on level 1 of the Dungeon.
You visited 1 branch of the dungeon, and saw 1 of its levels.

Inventory:

Armour
 a - a +0 robe (worn)
Scrolls
 e - a scroll of poison {unknown}
 f - 2 scrolls of teleportation {unknown}
Potions
 b - a potion of ambrosia
 c - a potion of brilliance {unknown}
 d - a potion of curing {unknown}


   Skills:
 + Level 3.4 Fighting
 * Level 1.1 Armour
 - Level 2.4 Dodging
 - Level 2.1 Stealth
 * Level 3.2 Unarmed Combat


You had one spell level left.
You didn't know any spells.
Your spell library contained the following spells:

 Spells                   Type           Power      Damage    Failure   Level
 Summon Small Mammal      Summ           0%         N/A       36%         1
 Call Canine Familiar     Summ           0%         N/A       75%         3
 Summon Guardian Golem    Hex/Summ       0%         N/A       75%         3


Dungeon Overview and Level Annotations

Branches:
Dungeon (1/15)

Altars:


Innate Abilities, Weirdness & Mutations

You are immune to sickness and miasma.
Your stone body is resilient. (AC +2)
You are immune to poison.
You resist negative energy. (rN+)
You are resistant to electric shocks. (rElec)
You are resistant to unholy torment.
You are immune to petrification.


Message History

You see here a +1 dagger of venom.
A ball python comes into view. x2
A bat comes into view.
The kobold hits you with a +2 whip of flaming.
The kobold burns you.
The bat moves out of view.
The ball python hisses angrily.
You hit the kobold but do no damage.
A kobold comes into view.
It is wielding a +2 dagger of distortion.
The kobold closely misses you.
A bat comes into view.
The rat attacks as you move away! The rat misses you.
The kobold attacks as you move away!
The kobold hits you with a +2 whip of flaming.
The kobold burns you. The rat attacks as you move away!
The rat bites you but does no damage. The rat attacks as you move away!
The rat bites you but does no damage. The rat attacks as you move away!
The rat barely misses you.
You open the door. The rat bites you.
There is an open door here.
You enter the shallow water.
Moving in this stuff is going to be slow.
You closely miss the rat. The rat barely misses you.
Your unstable footing causes you to fumble your attack.
The rat barely misses you.
You hit the rat.
You kill the rat!
You hit the ball python but do no damage.
The ball python closely misses you. The ball python grabs you.
The ball python constricts you.
You hit the ball python.
You kill the ball python!
Your unstable footing causes you to fumble your attack.
The kobold hits you with a +2 whip of flaming.
The kobold burns you.
* * * LOW HITPOINT WARNING * * *
You hit the kobold.
You kill the kobold!
You hit the kobold but do no damage.
The kobold hits you with a +2 dagger of distortion.
You die...

###+### ...... #≈~≈~≈#
...b. #~≈~≈~# .... #≈~≈~≈#
... ... #≈≈@≈≈### ..
....###K###..##.##
........####.....##
...###....####....###
.....#......K.K.....#
............).........
#...#.....###.........
......#...................
#.~~.............#....##..


You could see a kobold.

Vanquished Creatures
  2 ball pythons (D:1)
  An endoplasm (D:1)
  A goblin (D:1)
  5 kobolds (D:1)
  A rat (D:1)
10 creatures vanquished.

Notes
Turn   | Place    | Note
-------+----------+-------------------------------------------
     0 | D:1      | tevo3000 the Gargoyle Monk began the quest for the Orb.
     0 | D:1      | Reached XP level 1. HP: 14/14 MP: 1/1
   217 | D:1      | Reached XP level 2. HP: 19/19 MP: 2/2
   451 | D:1      | Reached skill level 1 in Armour
   473 | D:1      | Slain by a kobold

Illustrated notes

Levels and vault maps discovered:
D:1:      evilmike_arrival_plus, layout_rooms, serial_rivers,
          chequers_serial_rivers_micro_c, chequers_serial_rivers_micro_d,
          chequers_serial_rivers_large_a, chequers_serial_rivers_room_b,
          chequers_serial_rivers_micro_a, kennysheep_small_spiral,
          grunt_decor_cap, amcnicky_mini_corridor_feature,
          chequers_serial_rivers_micro_d

Skill      XL: |  1  2 |
---------------+-------+-----
Armour         | 1 |  1.1
Fighting       | |  3.4
Dodging        | |  2.4
Stealth        | |  2.1
Unarmed Combat | |  3.2

Action                   || total
-------------------------++-------
Melee: Unarmed           ||    30
       Punch             ||     1
Armor: Robe              ||     6
Dodge: Dodged            ||    19
